[Event "December 12 Late 2023"]
[Site "https://www.chess.com"]
[Date "2023.12.12"]
[Round "8"]
[White "Kornyukov, Alexey"]
[Black "ChessSG1"]
[Result "0-1"]
[Board "83"]
[TimeControl "180+1"]
[WhiteFideId "4150457"]
[WhiteElo "2315"]
[BlackElo "2472"]
[WhiteTeam "RUS"]
[WhiteClock "0:00:00"]
[BlackClock "0:01:24"]

1. d4 d5 2. c4 e6 3. Nc3 Nf6 4. cxd5 exd5 5. Bg5 c6 6. e3 Bd6 7. Bd3 O-O 8. Qc2 h6 9. Bh4 Re8 10. Nge2 a5 11. h3 Na6 12. a3 Nc7 13. O-O Ne6 14. Rad1 Bd7 15. f3 Ng5 16. e4 Nfxe4 17. fxe4 Nxh3+ 18. gxh3 Qxh4 19. Rf3 Bxh3 20. e5 Rxe5 21. Bh7+ Kh8 22. dxe5 Bc5+ 23. Nd4 Bxd4+ 24. Rxd4 Qxd4+ 25. Kh2 Bg4 26. Rxf7 Qxe5+ 27. Kg2 Bh3+ 28. Kxh3 Qh5+ 29. Kg2 Qxf7 30. Ne2 Rf8 31. Ng3 Qf3+ 32. Kh3 Rf4 33. Bg6 Qg4+ 34. Kg2 Rf3 0-1

[Event "December 12 Late 2023"]
[Site "https://www.chess.com"]
[Date "2023.12.12"]
[Round "8"]
[White "Silvestre, Christian"]
[Black "Yandarbiev, Ruslan"]
[Result "0-1"]
[Board "84"]
[TimeControl "180+1"]
[WhiteFideId "30956269"]
[BlackFideId "4115023"]
[WhiteElo "2313"]
[BlackElo "2469"]
[WhiteTeam "USA"]
[BlackTeam "RUS"]
[WhiteClock "0:00:10"]
[BlackClock "0:01:55"]

1. e4 e5 2. d4 exd4 3. Nf3 Nc6 4. Nxd4 Nf6 5. Bb5 Bc5 6. Nb3 Bb6 7. Nc3 O-O 8. O-O h6 9. Re1 d6 10. h3 Re8 11. Bf4 Bd7 12. Bd3 Ne5 13. Qd2 Bc6 14. Rad1 Ng6 15. Bg3 Nh5 16. Bh2 Qh4 17. Nd5 Bxd5 18. exd5 Ngf4 19. Bf1 Qg5 20. Kh1 Rxe1 21. Rxe1 Nxd5 22. Qxg5 hxg5 23. Kg1 Kf8 24. Bb5 a6 25. Bc4 Nhf6 26. Rd1 Nb4 27. c3 Nc6 28. Bd3 Re8 29. Nd2 Ne5 30. Bf1 g4 31. h4 Nh5 32. Ne4 f5 33. Ng5 g3 0-1

[Event "December 12 Late 2023"]
[Site "https://www.chess.com"]
[Date "2023.12.12"]
[Round "8"]
[White "Bazzano, Sebastian"]
[Black "Mazurkiewicz, Michal"]
[Result "0-1"]
[Board "85"]
[TimeControl "180+1"]
[WhiteFideId "104566"]
[BlackFideId "1124943"]
[WhiteElo "2310"]
[BlackElo "2460"]
[WhiteTeam "ARG"]
[BlackTeam "POL"]
[WhiteClock "0:00:00"]
[BlackClock "0:00:08"]

1. d4 Nf6 2. Bf4 g6 3. Nc3 d5 4. e3 Bg7 5. h4 h6 6. Nf3 O-O 7. Ne5 Nbd7 8. Bd3 c6 9. Qf3 h5 10. Qg3 c5 11. O-O-O c4 12. Be2 b5 13. Nc6 Qe8 14. Bf3 Nb6 15. Nxe7+ Qxe7 16. Bd6 Qe8 17. Bxf8 Bxf8 18. Rhe1 b4 19. Nxd5 Nfxd5 20. e4 Nf6 21. e5 Ng4 22. Bxa8 Qa4 23. Bf3 Qxa2 24. Bxg4 hxg4 25. Kd2 Qxb2 26. Ke2 Qxc2+ 27. Kf1 c3 28. d5 b3 29. e6 Qf5 30. exf7+ Qxf7 31. d6 c2 32. Rc1 Bf5 0-1

[Event "December 12 Late 2023"]
[Site "https://www.chess.com"]
[Date "2023.12.12"]
[Round "8"]
[White "Arnold, Ken"]
[Black "Player, Edmund C"]
[Result "1-0"]
[Board "86"]
[TimeControl "180+1"]
[WhiteFideId "2056836"]
[BlackFideId "406520"]
[WhiteElo "2455"]
[BlackElo "2284"]
[WhiteTeam "USA"]
[BlackTeam "ENG"]
[WhiteClock "0:00:46"]
[BlackClock "0:00:03"]

1. d4 Nf6 2. c4 e6 3. Nf3 Bb4+ 4. Nbd2 O-O 5. e3 b6 6. a3 Be7 7. Be2 Bb7 8. O-O d6 9. b4 Nbd7 10. Bb2 Re8 11. Qc2 Bf8 12. Rfd1 c5 13. dxc5 dxc5 14. b5 Qc7 15. Nf1 Be4 16. Qc3 a6 17. a4 Bb7 18. Ng3 Ne4 19. Nxe4 Bxe4 20. Ne5 Nxe5 21. Qxe5 Qxe5 22. Bxe5 Ra7 23. f3 Bg6 24. e4 f6 25. Bd6 Bf7 26. Bxf8 Kxf8 27. a5 axb5 28. axb6 Rb7 29. cxb5 Rxb6 30. Ra7 Reb8 31. Rdd7 Be8 32. Rxg7 Bxb5 33. Rxh7 Kg8 34. Rag7+ Kf8 35. Rc7 Kg8 36. Rhg7+ Kh8 37. Rh7+ Kg8 38. Bxb5 Rxb5 39. Rhg7+ Kf8 40. h4 Rb1+ 41. Kh2 Rc1 42. h5 Rc2 43. h6 Rbb2 44. Rcf7+ Ke8 45. Ra7 Rb8 46. Rg8# 1-0

[Event "December 12 Late 2023"]
[Site "https://www.chess.com"]
[Date "2023.12.12"]
[Round "8"]
[White "Serra Canals, Oriol"]
[Black "Golubenko, Valentina"]
[Result "1-0"]
[Board "87"]
[TimeControl "180+1"]
[WhiteFideId "22276084"]
[BlackFideId "4501993"]
[WhiteElo "2453"]
[BlackElo "2277"]
[WhiteTeam "ESP"]
[BlackTeam "CRO"]
[WhiteClock "0:00:20"]
[BlackClock "0:00:09"]

1. d4 Nf6 2. c4 c5 3. d5 g6 4. Nc3 d6 5. Nf3 Bg7 6. g3 e6 7. Bg2 exd5 8. cxd5 O-O 9. O-O Re8 10. Nd2 a6 11. a4 Nbd7 12. Nc4 Ne5 13. Nxe5 Rxe5 14. Bf4 Rh5 15. h4 Rf5 16. e4 Rxf4 17. gxf4 Ng4 18. Qd3 Qxh4 19. Qg3 Qxg3 20. fxg3 Bd4+ 21. Kh1 Nf2+ 22. Kh2 Ng4+ 23. Kh1 Nf2+ 24. Rxf2 Bxf2 25. e5 Bxg3 26. Ne2 Bh4 27. exd6 Bd7 28. Rc1 Bf2 29. Nc3 Be3 30. Re1 Bxf4 31. Re7 Rd8 32. Ne4 Kg7 33. Nxc5 Bxd6 34. Rxd7 Rc8 35. Rxd6 Rxc5 36. Rb6 Rc1+ 37. Kh2 Rd1 38. d6 g5 39. Bxb7 h5 40. Bxa6 g4 41. Kg3 Kg6 42. d7+ Kg5 43. Rb5+ f5 44. Bc8 h4+ 45. Kg2 Rd2+ 46. Kf1 Kf4 47. Rxf5+ Kg3 48. Rf8 h3 49. d8=Q Rxd8 50. Rxd8 h2 51. Bb7 1-0

[Event "December 12 Late 2023"]
[Site "https://www.chess.com"]
[Date "2023.12.12"]
[Round "8"]
[White "Weisz, Bryan"]
[Black "Awoki, Daniel Teidi"]
[Result "1-0"]
[Board "88"]
[TimeControl "180+1"]
[WhiteFideId "30934133"]
[BlackFideId "2100827"]
[WhiteElo "2446"]
[BlackElo "2267"]
[WhiteTeam "USA"]
[BlackTeam "BRA"]
[WhiteClock "0:00:13"]
[BlackClock "0:00:00"]

1. g4 d5 2. Bg2 e5 3. c4 c6 4. Qb3 Ne7 5. Nc3 d4 6. Ne4 Ng6 7. d3 Be7 8. Nf3 Qb6 9. g5 O-O 10. h4 Nd7 11. h5 Nf4 12. Bxf4 exf4 13. Qxb6 axb6 14. Nxd4 Ne5 15. Rh4 Rd8 16. Nc2 f3 17. Bxf3 Nxf3+ 18. exf3 Rxd3 19. Ke2 Rd8 20. f4 Bf5 21. f3 Rd7 22. Rhh1 Rad8 23. Rad1 Kf8 24. Ne3 Rxd1 25. Rxd1 Rxd1 26. Kxd1 Be6 27. f5 Bd7 28. Ke2 h6 29. f4 Ke8 30. Kf3 f6 31. gxh6 gxh6 32. Ng4 Bxf5 33. Nexf6+ Kf7 34. Ne4 Bf8 35. b3 Be6 36. Ne5+ Kg7 37. Ng3 Bd6 38. Nd3 Kf6 39. Nf2 Bc5 40. Nfe4+ Kf7 41. Nxc5 bxc5 42. Ne4 Ke7 43. Nxc5 b6 44. Nd3 Bf5 45. Ne5 c5 46. a3 Ke6 47. b4 1-0

[Event "December 12 Late 2023"]
[Site "https://www.chess.com"]
[Date "2023.12.12"]
[Round "8"]
[White "Liu, Casper"]
[Black "Nadera, Barlo A."]
[Result "0-1"]
[Board "89"]
[TimeControl "180+1"]
[WhiteFideId "1454153"]
[BlackFideId "5200598"]
[WhiteElo "2444"]
[BlackElo "2206"]
[WhiteTeam "DEN"]
[BlackTeam "PHI"]
[WhiteClock "0:00:02"]
[BlackClock "0:00:14"]

1. f4 d5 2. Nf3 g6 3. e3 Bg7 4. g3 c5 5. Bg2 Nc6 6. O-O Nh6 7. d3 O-O 8. Nc3 e6 9. e4 d4 10. Ne2 f5 11. e5 Nf7 12. c3 dxc3 13. bxc3 Qa5 14. Be3 Rd8 15. Qc2 Ne7 16. Nd2 Nd5 17. Bf2 b5 18. Bxc5 Qc7 19. Bf2 g5 20. Rac1 Bb7 21. Nd4 Qd7 22. N4b3 Bc6 23. Na5 Rac8 24. Qb3 Ba8 25. Bd4 gxf4 26. gxf4 Bh6 27. Nf3 Nxf4 28. Bh1 Nxd3 29. Rcd1 Bd5 30. Qc2 Nc5 31. Qf2 Ne4 32. Qh4 Bg7 33. Bg2 Nxc3 34. Bxc3 Rxc3 35. Nb3 Rdc8 36. Nbd4 a6 37. Qg3 Kh8 38. Qh4 Qd8 39. Ne2 Qxh4 40. Nxh4 Rc2 41. Bxd5 exd5 42. Nd4 Rxa2 43. e6 Ng5 44. Nhxf5 Be5 45. e7 Nh3+ 46. Kh1 Rxh2# 0-1

[Event "December 12 Late 2023"]
[Site "https://www.chess.com"]
[Date "2023.12.12"]
[Round "8"]
[White "Urbina Perez, Juan Antonio"]
[Black "De Souza, Arthur Olintho"]
[Result "1-0"]
[Board "90"]
[TimeControl "180+1"]
[WhiteFideId "2217368"]
[BlackFideId "2116200"]
[WhiteElo "2442"]
[BlackElo "2078"]
[WhiteTeam "ESP"]
[BlackTeam "BRA"]
[WhiteClock "0:00:11"]
[BlackClock "0:00:11"]

1. d4 Nf6 2. c4 c5 3. d5 b5 4. cxb5 a6 5. e3 Qa5+ 6. Bd2 Qb6 7. Nc3 axb5 8. Bxb5 Ba6 9. a4 g6 10. Nge2 Bg7 11. O-O O-O 12. e4 d6 13. Bg5 h6 14. Bxf6 Bxf6 15. Ra3 Bxb5 16. axb5 Rxa3 17. bxa3 Nd7 18. Qd2 c4 19. Qxh6 Nc5 20. h4 Ra8 21. h5 Rxa3 22. hxg6 fxg6 23. Qxg6+ Kf8 24. Nd1 Nd3 25. Ne3 Nxf2 26. Qh6+ Ke8 27. Rxf2 Rxe3 28. Qh5+ Kd8 29. Kh2 Rh3+ 30. Kxh3 Qxf2 31. Ng3 c3 32. b6 Qxb6 33. Qd1 Qe3 34. Kg4 Be5 35. Nf5 Qxe4+ 36. Kg5 Bf4+ 37. Kg6 Qxg2+ 38. Kf7 c2 39. Qe1 Be5 40. Qa5+ Kc8 41. Nxe7+ Kb7 42. Qb5+ Kc7 43. Qc6+ Kb8 44. Qb6+ Ka8 45. Qa6+ Kb8 46. Nc6+ Kc7 47. Qa7+ Kc8 48. Qb8+ Kd7 49. Qd8# 1-0

[Event "December 12 Late 2023"]
[Site "https://www.chess.com"]
[Date "2023.12.12"]
[Round "8"]
[White "Bardyk, Artem"]
[Black "Tarnowska, Aleksandra"]
[Result "1-0"]
[Board "91"]
[TimeControl "180+1"]
[WhiteFideId "34349979"]
[BlackFideId "1180967"]
[WhiteElo "2695"]
[BlackElo "2197"]
[WhiteTeam "RUS"]
[BlackTeam "POL"]
[WhiteClock "0:02:39"]
[BlackClock "0:00:02"]

1. e4 c5 2. c3 d5 3. exd5 Qxd5 4. d4 e6 5. Nf3 Nf6 6. Na3 a6 7. Nc4 Nbd7 8. Be3 cxd4 9. Nxd4 Bc5 10. Nb3 Bxe3 11. Nxe3 Qxd1+ 12. Rxd1 b6 13. Nc4 Ke7 14. Nd6 Rd8 15. Nxc8+ Raxc8 16. Bxa6 Ra8 17. Bc4 Rxa2 18. Nd4 Rxb2 19. Nc6+ Ke8 20. Nxd8 Kxd8 21. O-O Ke7 22. Rb1 Rc2 23. Rfc1 Rd2 24. Rd1 Rc2 25. Rdc1 Rd2 26. Bb5 h5 27. Bxd7 Nxd7 28. Rd1 Rc2 29. Ra1 Ke8 30. Ra8+ Ke7 31. Ra7 Kf6 32. Raxd7 Rxc3 33. g3 b5 34. R7d3 Rc4 35. Rb3 b4 36. Rdb1 Rc2 37. Rxb4 g6 38. Rf4+ Kg7 39. Rb7 1-0

[Event "December 12 Late 2023"]
[Site "https://www.chess.com"]
[Date "2023.12.12"]
[Round "8"]
[White "Shapiro, Daniel"]
[Black "Kraiouchkine, Nikita"]
[Result "1-0"]
[Board "92"]
[TimeControl "180+1"]
[WhiteFideId "2001780"]
[BlackFideId "2607140"]
[WhiteElo "2303"]
[BlackElo "2461"]
[WhiteTeam "USA"]
[BlackTeam "CAN"]
[WhiteClock "0:01:08"]
[BlackClock "0:00:38"]

1. d4 d5 2. c4 e6 3. Nf3 Nf6 4. g3 b6 5. Bg2 Bb7 6. O-O Nbd7 7. cxd5 exd5 8. Nc3 Bd6 9. Qb3 O-O 10. Bf4 Bxf4 11. gxf4 c5 12. a4 Re8 13. Rfd1 Qe7 14. e3 c4 15. Qc2 h6 16. Ne5 Nf8 17. a5 Qc7 18. a6 Bc6 19. b3 cxb3 20. Qxb3 Qd6 21. Rdc1 Rad8 22. Nxc6 Qxc6 23. Nxd5 Qd6 24. Nc3 Re7 25. Nb5 Qe6 26. Qxe6 Nxe6 27. Bb7 g5 28. Nxa7 gxf4 29. Nc6 1-0

[Event "December 12 Late 2023"]
[Site "https://www.chess.com"]
[Date "2023.12.12"]
[Round "8"]
[White "NovakRatko"]
[Black "Sarkar, Justin"]
[Result "1-0"]
[Board "93"]
[TimeControl "180+1"]
[BlackFideId "2010011"]
[WhiteElo "2390"]
[BlackElo "2296"]
[BlackTeam "USA"]
[WhiteClock "0:00:06"]
[BlackClock "0:00:00"]

1. d4 Nf6 2. c4 g6 3. Nc3 Bg7 4. e4 d6 5. f3 O-O 6. Be3 e5 7. Qd2 exd4 8. Bxd4 Nc6 9. Be3 Nd7 10. Bd3 Nde5 11. Be2 f5 12. exf5 Bxf5 13. O-O-O Nb4 14. g4 Bc2 15. a3 Bxd1 16. Qxd1 Nbc6 17. h4 Qf6 18. f4 Nd7 19. Nd5 Qf7 20. Nxc7 Rac8 21. Qxd6 Nb6 22. Ne6 Rfe8 23. f5 Ne5 24. c5 Nec4 25. Bxc4 Nxc4 26. Qd3 Bxb2+ 27. Kb1 Nxe3 28. Qxe3 Bf6 29. g5 gxf5 30. gxf6 Rxe6 31. Qg3+ Kh8 32. Qf2 Re4 33. Nf3 Rce8 34. Ng5 Qb3+ 35. Qb2 Qd3+ 36. Ka2 Qd5+ 37. Kb1 Re1+ 38. Rxe1 1-0

[Event "December 12 Late 2023"]
[Site "https://www.chess.com"]
[Date "2023.12.12"]
[Round "8"]
[White "Balla, Tamas-Kristof"]
[Black "Mejia, Cherry Ann"]
[Result "1-0"]
[Board "94"]
[TimeControl "180+1"]
[WhiteFideId "1208497"]
[BlackFideId "5206880"]
[WhiteElo "2378"]
[BlackElo "2284"]
[WhiteTeam "ROU"]
[BlackTeam "PHI"]
[WhiteClock "0:00:15"]
[BlackClock "0:00:00"]

1. e4 c5 2. c3 Nf6 3. e5 Nd5 4. d4 cxd4 5. Nf3 Nc6 6. cxd4 d6 7. Bc4 dxe5 8. dxe5 Nb6 9. Qxd8+ Nxd8 10. Bb3 e6 11. O-O Be7 12. Nc3 O-O 13. Be3 Nd7 14. Ne4 Nc6 15. Bf4 Nc5 16. Nd6 Nd3 17. Bg3 Bxd6 18. exd6 e5 19. Bd5 Be6 20. Bxc6 bxc6 21. Nxe5 Nxe5 22. Bxe5 f6 23. Bc3 Rfd8 24. Rfe1 Kf7 25. Rad1 Rd7 26. a3 Bd5 27. Bb4 a5 28. Bc5 Rb8 29. b4 axb4 30. axb4 Ra8 31. f3 Ra2 32. Re3 Ra8 33. Rde1 Rad8 34. Re7+ Kg6 35. h4 h5 36. Kf2 Kh6 37. Kg3 Kg6 38. Kf4 Bc4 39. g4 Bd5 40. Rg1 Kh6 41. gxh5 Rxe7 42. dxe7 Re8 43. Rg6+ Kh7 44. Rg1 Kh6 45. Kg4 Be6+ 46. Kf4 Bf7 47. Rd1 Kxh5 48. Rd6 Bd5 49. b5 g5+ 50. hxg5 fxg5+ 51. Ke3 Rxe7+ 52. Kf2 1-0

[Event "December 12 Late 2023"]
[Site "https://www.chess.com"]
[Date "2023.12.12"]
[Round "8"]
[White "Osmonbekov, Talaibek"]
[Black "Buenafe Moya, Javier"]
[Result "1-0"]
[Board "95"]
[TimeControl "180+1"]
[WhiteFideId "2017253"]
[BlackFideId "2206412"]
[WhiteElo "2278"]
[BlackElo "2376"]
[WhiteTeam "USA"]
[BlackTeam "ESP"]
[WhiteClock "0:01:00"]
[BlackClock "0:00:07"]

1. d4 Nf6 2. Nc3 d5 3. Bf4 c6 4. e3 Bf5 5. Nf3 e6 6. Ne5 h6 7. g4 Bh7 8. Bd3 Bxd3 9. Qxd3 Bd6 10. O-O-O a5 11. h4 a4 12. g5 Nh5 13. g6 f5 14. Nf7 Nxf4 15. exf4 Bxf4+ 16. Kb1 Qf6 17. Nxh8 a3 18. b3 Na6 19. h5 Rc8 20. Nf7 Kf8 21. Rhe1 Ke7 22. Na4 b5 23. Nc3 Nb4 24. Qf3 Bc7 25. Ne5 Ba5 26. Re3 Na6 27. Nxc6+ Rxc6 28. Nxd5+ Kf8 29. Nxf6 gxf6 30. Qxc6 1-0

[Event "December 12 Late 2023"]
[Site "https://www.chess.com"]
[Date "2023.12.12"]
[Round "8"]
[White "Kujawski, Adam"]
[Black "De Souza, Cristiano Gomes"]
[Result "0-1"]
[Board "96"]
[TimeControl "180+1"]
[WhiteFideId "1100920"]
[BlackFideId "2151758"]
[WhiteElo "2350"]
[BlackElo "2242"]
[WhiteTeam "POL"]
[BlackTeam "BRA"]
[WhiteClock "0:00:00"]
[BlackClock "0:00:54"]

1. e4 c5 2. Nf3 d6 3. d4 cxd4 4. Nxd4 Nf6 5. Nc3 a6 6. Bg5 e6 7. f4 Be7 8. Qf3 h6 9. Bh4 g5 10. fxg5 Nfd7 11. Qh5 Ne5 12. Bf2 Bxg5 13. h4 Bf6 14. O-O-O Nbc6 15. Be2 Qe7 16. Rhf1 Bd7 17. Nb3 O-O-O 18. g3 Bg7 19. Rd2 f5 20. Bd1 fxe4 21. Nxe4 Be8 22. Qe2 Bg6 23. Bb6 Rd7 24. Kb1 Rf8 25. Rxf8+ Qxf8 26. h5 Bh7 27. Nd4 Nxd4 28. Bxd4 d5 29. Bc5 Qh8 30. Nf2 Nc4 0-1

[Event "December 12 Late 2023"]
[Site "https://www.chess.com"]
[Date "2023.12.12"]
[Round "8"]
[White "ogpin"]
[Black "Rose, Felix"]
[Result "0-1"]
[Board "97"]
[TimeControl "180+1"]
[BlackFideId "5105722"]
[WhiteElo "2168"]
[BlackElo "2327"]
[BlackTeam "MEX"]
[WhiteClock "0:00:00"]
[BlackClock "0:00:20"]

1. e4 g6 2. d4 d6 3. Be3 Nf6 4. Nc3 c6 5. f3 Nbd7 6. Qd2 b5 7. Bd3 a5 8. g4 Nb6 9. g5 Nfd7 10. h4 b4 11. Nce2 Qc7 12. h5 Rg8 13. hxg6 hxg6 14. Nh3 Bb7 15. Nf2 Bg7 16. c3 c5 17. Bb5 O-O-O 18. a3 b3 19. c4 a4 20. Nc3 Bc6 21. d5 Bxb5 22. Nxb5 Nxc4 23. Nxc7 Nxd2 24. Bxd2 Kxc7 25. Nd3 Rh8 26. Ke2 Rxh1 27. Rxh1 Rh8 28. Rxh8 Bxh8 29. Bc1 Nb6 30. f4 Nc4 31. Kf3 Kd7 32. Kg4 e6 33. f5 exf5+ 34. exf5 Bd4 35. fxg6 fxg6 36. Kf3 Ke7 37. Kg4 Kf7 38. Kf3 Bg7 39. Kg4 Ne5+ 40. Nxe5+ Bxe5 41. Kf3 c4 42. Ke4 c3 43. bxc3 Bxc3 44. Kd3 b2 45. Bxb2 Bxb2 46. Kc2 Bxa3 0-1

[Event "December 12 Late 2023"]
[Site "https://www.chess.com"]
[Date "2023.12.12"]
[Round "8"]
[White "Ghosh, Chanchal Kumer"]
[Black "Ruiz Aguilar, Pablo Alexander"]
[Result "1-0"]
[Board "98"]
[TimeControl "180+1"]
[WhiteFideId "10201858"]
[BlackFideId "4401352"]
[WhiteElo "2104"]
[BlackElo "2308"]
[WhiteTeam "BAN"]
[BlackTeam "COL"]
[WhiteClock "0:00:40"]
[BlackClock "0:01:34"]

1. e4 c5 2. Nf3 e6 3. d4 cxd4 4. Nxd4 a6 5. Bd3 Nf6 6. O-O d6 7. Bg5 Be7 8. Nc3 Qc7 9. Kh1 b5 10. f4 Bb7 11. Qe2 Nbd7 12. Rad1 b4 13. Na4 h6 14. Bh4 O-O-O 15. Bxa6 Bxa6 16. Qxa6+ Qb7 17. Qa5 Rhe8 18. Nb5 Nxe4 19. Bxe7 Rxe7 20. Rxd6 Nxd6 21. Nxd6+ 1-0

[Event "December 12 Late 2023"]
[Site "https://www.chess.com"]
[Date "2023.12.12"]
[Round "8"]
[White "Rios Escobar, Adan"]
[Black "Luxama, Jacques Muller"]
[Result "1-0"]
[Board "99"]
[TimeControl "180+1"]
[WhiteFideId "3403645"]
[BlackFideId "11900113"]
[WhiteElo "2373"]
[BlackElo "2150"]
[WhiteTeam "CHI"]
[BlackTeam "HAI"]
[WhiteClock "0:00:24"]
[BlackClock "0:00:48"]

1. Nf3 Nf6 2. c4 g6 3. Nc3 Bg7 4. e4 O-O 5. d4 d6 6. Bd3 e5 7. d5 Nbd7 8. O-O Nc5 9. Bc2 a5 10. a3 Bd7 11. Rb1 a4 12. Be3 Qe8 13. Bxc5 dxc5 14. Re1 Nh5 15. d6 cxd6 16. Qxd6 Rc8 17. Nd5 Kh8 18. Nb6 Rd8 19. Qxc5 Bc6 20. Red1 Rxd1+ 21. Rxd1 Nf4 22. Nd5 Bxd5 23. cxd5 Qd7 24. Nxe5 Qd8 25. Nf3 Qd7 26. h3 Rc8 27. Bxa4 Nxh3+ 28. gxh3 Qxh3 29. Qe3 Bh6 30. Qd4+ Kg8 31. Qd3 Bf4 32. d6 Rc5 33. d7 Rg5+ 34. Nxg5 Qh2+ 35. Kf1 Bxg5 36. d8=Q+ Kg7 37. Qxg5 1-0

[Event "December 12 Late 2023"]
[Site "https://www.chess.com"]
[Date "2023.12.12"]
[Round "8"]
[White "Munoz Sanchez, Miguel"]
[Black "Bullen, Alex"]
[Result "1-0"]
[Board "100"]
[TimeControl "180+1"]
[WhiteFideId "3600734"]
[BlackFideId "1801627"]
[WhiteElo "2329"]
[BlackElo "2212"]
[WhiteTeam "ECU"]
[BlackTeam "WLS"]
[WhiteClock "0:00:10"]
[BlackClock "0:00:00"]

1. d4 d5 2. Nf3 Nf6 3. g3 e6 4. Bg2 b5 5. a4 b4 6. c4 dxc4 7. Ne5 Nd5 8. Nxc4 Be7 9. O-O O-O 10. e4 Nb6 11. b3 Nxc4 12. bxc4 a5 13. Bb2 Bb7 14. Nd2 c5 15. d5 exd5 16. exd5 Bf6 17. Qc2 Nd7 18. Ne4 Bxb2 19. Qxb2 Rc8 20. Rad1 Nf6 21. Nxf6+ Qxf6 22. Qxf6 gxf6 23. Rfe1 Ba6 24. Bf1 Rfe8 25. d6 Rxe1 26. Rxe1 Rd8 27. Rd1 Kf8 28. f4 Ke8 29. Kf2 Kd7 30. Ke3 Re8+ 31. Kf2 Re4 32. Bh3+ Kd8 33. Rd5 Rxc4 34. Ke3 b3 35. Bf5 b2 36. Bxh7 Rc3+ 37. Kd2 Bd3 38. Kxc3 b1=Q 39. Rxd3 Qb4+ 40. Kc2 Qxa4+ 41. Kd2 Qb4+ 42. Ke2 c4 43. Rd2 c3 44. Rc2 Qc4+ 45. Bd3 Qd4 46. h4 Kd7 47. h5 Kxd6 48. h6 Qg1 49. h7 Qh1 50. Rxc3 a4 51. Ra3 Qh2+ 52. Kf3 Qh1+ 53. Ke2 Qh5+ 54. Kd2 Qh2+ 55. Kc3 Kc5 56. Rxa4 Qh1 57. Rc4+ Kd5 58. Be4+ 1-0

[Event "December 12 Late 2023"]
[Site "https://www.chess.com"]
[Date "2023.12.12"]
[Round "8"]
[White "Curtis, John"]
[Black "Bonin, Jay"]
[Result "0-1"]
[Board "101"]
[TimeControl "180+1"]
[WhiteFideId "3200256"]
[BlackFideId "2000644"]
[WhiteElo "2210"]
[BlackElo "2309"]
[WhiteTeam "AUS"]
[BlackTeam "USA"]
[WhiteClock "0:00:27"]
[BlackClock "0:01:50"]

1. d4 Nf6 2. c4 g6 3. Nc3 Bg7 4. e4 d6 5. f3 O-O 6. Be3 c5 7. dxc5 dxc5 8. Qxd8 Rxd8 9. Bxc5 Nc6 10. Rd1 Nd7 11. Be3 Bxc3+ 12. bxc3 b6 13. Nh3 Ba6 14. Nf4 e6 15. Nd3 Bxc4 16. Nb4 Nxb4 17. Bxc4 Nc2+ 18. Kd2 Nxe3 19. Kxe3 Rac8 20. Bb5 Rxc3+ 21. Kf4 Rc7 22. Rd2 Kf8 23. Rhd1 Ke7 24. h4 h6 25. g4 g5+ 26. hxg5 hxg5+ 27. Kxg5 Rc5+ 28. Rd5 exd5 0-1

[Event "December 12 Late 2023"]
[Site "https://www.chess.com"]
[Date "2023.12.12"]
[Round "8"]
[White "Khokhlova, Daria"]
[Black "Manfroi, Alexander Giannini"]
[Result "1-0"]
[Board "102"]
[TimeControl "180+1"]
[WhiteFideId "24182729"]
[BlackFideId "22739335"]
[WhiteElo "2290"]
[BlackElo "2197"]
[WhiteTeam "FID"]
[BlackTeam "BRA"]
[WhiteClock "0:00:22"]
[BlackClock "0:00:00"]

1. d4 Nf6 2. c4 e6 3. g3 Bb4+ 4. Bd2 a5 5. Bg2 d5 6. Qc2 c6 7. a3 Bxd2+ 8. Nxd2 O-O 9. Ngf3 Nbd7 10. O-O Rb8 11. e4 dxe4 12. Nxe4 Nxe4 13. Qxe4 Nf6 14. Qc2 Qb6 15. Rfd1 Bd7 16. Ne5 Be8 17. b3 Nd7 18. Nf3 f6 19. Re1 Bf7 20. Bh3 f5 21. Qc3 Rbd8 22. Rad1 Nf6 23. Ng5 Rfe8 24. Bg2 h6 25. Nh3 c5 26. dxc5 Qxc5 27. b4 axb4 28. axb4 Qc7 29. Rxd8 Rxd8 30. Nf4 e5 31. Nd3 e4 32. Ne5 Nd7 33. Nxf7 Kxf7 34. f3 Nb6 35. fxe4 Qxc4 36. Qf3 Qd4+ 37. Kh1 g6 38. exf5 gxf5 39. Qxf5+ Qf6 40. Qh5+ Kg7 41. Rf1 Qg6 42. Qe5+ Kh7 43. Be4 1-0

[Event "December 12 Late 2023"]
[Site "https://www.chess.com"]
[Date "2023.12.12"]
[Round "8"]
[White "Biliy, Vadim"]
[Black "BestestBP"]
[Result "1-0"]
[Board "103"]
[TimeControl "180+1"]
[WhiteFideId "14114127"]
[WhiteElo "2279"]
[BlackElo "2159"]
[WhiteTeam "UKR"]
[WhiteClock "0:00:20"]
[BlackClock "0:00:00"]

1. d4 Nf6 2. Nf3 e6 3. e3 Be7 4. Be2 O-O 5. O-O b6 6. c4 Bb7 7. Nc3 d5 8. b3 Nbd7 9. Bb2 Rc8 10. cxd5 exd5 11. Rc1 c5 12. dxc5 bxc5 13. Bb5 a6 14. Ba4 Nb6 15. Qe2 Nxa4 16. Nxa4 Qa5 17. Rfd1 c4 18. Nd4 Ne4 19. Nf5 c3 20. Nxe7+ Kh8 21. Ba1 Rc7 22. Nf5 d4 23. Nxd4 Qg5 24. f3 Nd2 25. Rxc3 Rxc3 26. Nxc3 Nxf3+ 27. Nxf3 Bxf3 28. Qxf3 Re8 29. Nd5 h6 30. Qxf7 Re5 31. Bxe5 Qxe5 32. Qf8+ Kh7 33. Qf4 1-0

[Event "December 12 Late 2023"]
[Site "https://www.chess.com"]
[Date "2023.12.12"]
[Round "8"]
[White "Demina, Marya"]
[Black "Sultanbek, Zeinep"]
[Result "1-0"]
[Board "104"]
[TimeControl "180+1"]
[WhiteFideId "4195671"]
[BlackFideId "13710419"]
[WhiteElo "2149"]
[BlackElo "2253"]
[WhiteTeam "RUS"]
[BlackTeam "KAZ"]
[WhiteClock "0:01:02"]
[BlackClock "0:00:08"]

1. d4 d5 2. c4 e6 3. Nc3 Nf6 4. Nf3 c6 5. Bg5 Be7 6. e3 Nbd7 7. Bd3 dxc4 8. Bxc4 b5 9. Bd3 a6 10. O-O c5 11. Rc1 c4 12. Bb1 Bb7 13. e4 O-O 14. e5 Nd5 15. Ne4 Bxg5 16. Nexg5 h6 17. Qc2 Re8 18. Qh7+ Kf8 19. Nxf7 Qe7 20. Bg6 N7f6 21. exf6 Nxf6 22. Qh8+ Ng8 23. N7e5 Red8 24. Bh7 1-0

[Event "December 12 Late 2023"]
[Site "https://www.chess.com"]
[Date "2023.12.12"]
[Round "8"]
[White "Novikova, Margarita"]
[Black "Cooper, Aaron"]
[Result "0-1"]
[Board "105"]
[TimeControl "180+1"]
[WhiteFideId "14109689"]
[BlackFideId "2634945"]
[WhiteElo "2132"]
[BlackElo "2252"]
[WhiteTeam "GER"]
[BlackTeam "CAN"]
[WhiteClock "0:00:09"]
[BlackClock "0:00:33"]

1. e4 c5 2. Nc3 Nc6 3. d3 e6 4. Be3 d5 5. exd5 exd5 6. Bd2 Nf6 7. Nf3 Be7 8. Be2 O-O 9. O-O Re8 10. h3 h6 11. Re1 Bf5 12. d4 cxd4 13. Nb5 Bc5 14. Bf4 Rc8 15. Nbxd4 Nxd4 16. Nxd4 Bxd4 17. Qxd4 Rxc2 18. Bb5 Rxe1+ 19. Rxe1 Qa5 20. Re5 Qxb5 21. Rxf5 Qxb2 22. Qe3 d4 23. Qg3 Ne4 24. Qh4 Rxf2 25. Qg4 Rf1+ 26. Kh2 Qf2 27. Bxh6 Qg1# 0-1